[Event "*** Titled Tuesday Blitz"]
[Site "Chess.com"]
[Date "2019.04.02"]
[Round "2"]
[White "Lion_DL"]
[Black "Rakesh"]
[Result "1/2-1/2"]
[WhiteElo "2457"]
[BlackElo "2290"]
[TimeControl "180+2"]
[EndTime "14:21:24 PDT"]
[Termination "Game drawn by agreement"]

1. e4 c5 2. Nf3 e6 3. d3 Nc6 4. g3 d5 5. Qe2 dxe4 6. dxe4 e5 7. c3 Nf6 8. Bg2 Qc7 9. O-O Bg4 10. h3 Bh5 11. Na3 Bg6 12. Nh4 Be7 13. Bg5 O-O 14.
Nf5 Rad8 15. Rad1 a6 16. Nc4 b5 17. Nce3 Rfe8 18. Nxe7+ Nxe7 19. Bxf6 gxf6 20. h4 h5 21. Nd5 Nxd5 22. exd5 f5 23. Bf3 e4 24. Bxh5 Qe5 25. Bxg6 fxg6 26. c4 bxc4 27. Qxc4 f4 28. d6+ Kg7 29. Rd5 Qf6 30. Qxc5 f3 31. Qd4 Qxd4 32.
Rxd4 Re6 33. d7 Re7 34. Re1 Rdxd7 35. Rxd7 Rxd7 36. Rxe4 Rd1+ 37. Kh2 Rd2 38. Kg1 Rd1+ 39. Kh2 Rd2 40. g4 Rxf2+ 41. Kg3 Rxb2 42. Kxf3 Rxa2 43. Re6 Ra4 1/2-1/2

[Event "*** Titled Tuesday Blitz"]
[Site "Chess.com"]
[Date "2019.04.02"]
[Round "2"]
[White "scrapnel"]
[Black "Margency"]
[Result "0-1"]
[WhiteElo "2543"]
[BlackElo "2696"]
[TimeControl "180+2"]
[EndTime "14:21:31 PDT"]
[Termination "Margency won on time"]

1. Nf3 Nf6 2. c4 g6 3. Nc3 Bg7 4. e4 d6 5. d4 O-O 6. Be2 e5 7.
Be3 Ng4 8. Bg5 f6 9. Bc1 exd4 10. Nxd4 f5 11. O-O Nc6 12. Nc2 Qh4 13. h3 Nf6 14. exf5 gxf5 15. f4 Be6 16. Ne3 Rae8 17. Bf3 Kh8 18. Ncd5 Rf7 19. Bd2 Nd4 20. Bc3 Nxf3+ 21.
Qxf3 Ne4 22. Be1 Qd8 23. Rd1 Bxb2 24. Kh2 b6 25. g4 Nc5 26. Rg1 fxg4 27. hxg4 c6 28. Nb4 Rxf4 29. Qxf4 Be5 30. Qxe5+ dxe5 31. Rxd8 Rxd8 32. Nxc6 Rd3 0-1

[Event "*** Titled Tuesday Blitz"]
[Site "Chess.com"]
[Date "2019.04.02"]
[Round "2"]
[White "Gr3egor"]
[Black "SARGISMV"]
[Result "0-1"]
[WhiteElo "2525"]
[BlackElo "2448"]
[TimeControl "180+2"]
[EndTime "14:21:32 PDT"]
[Termination "SARGISMV won by resignation"]

1. d4 Nf6 2. c4 c5 3. d5 e6 4. Nc3 exd5 5. cxd5 d6 6. Nf3 g6 7. h3 a6 8. a4 Qe7 9. Bf4 Nbd7 10. e3 Bg7 11. Be2 O-O 12. O-O Rb8 13. Nd2 Ne8 14.
a5 Ne5 15. Bh2 f5 16. Na4 Bd7 17. Nb6 Bb5 18. Bxb5 axb5 19. Qb3 Nc7 20. Rfe1 Rbe8 21. f4 c4 22. Qc2 Nd3 23. Re2 Bxb2 24. Rb1 Bd4 25. Nf1 Bc5 26. Kh1 Qf7 27. Nxc4 bxc4 28. Qxc4 Qxd5 29. Qxd5+ Nxd5 30. Rd2 N3b4 31. Rb3 Nxe3 32.
Nxe3 Rxe3 33. Rxe3 Bxe3 34. Rxd6 Rc8 35. Rd1 Rc1 36.
Rxc1 Bxc1 37. g4 Nc6 38. gxf5 gxf5 39. Kg2 Nxa5 40. Kf3 b5 41. Bg1 b4 42. Be3 Bxe3 0-1

[Event "*** Titled Tuesday Blitz"]
[Site "Chess.com"]
[Date "2019.04.02"]
[Round "2"]
[White "davserr65"]
[Black "PawnEatingZombie"]
[Result "0-1"]
[WhiteElo "2082"]
[BlackElo "2148"]
[TimeControl "180+2"]
[EndTime "14:21:32 PDT"]
[Termination "PawnEatingZombie won on time"]

1. Nf3 d5 2. c4 e6 3. g3 Nf6 4. Bg2 dxc4 5. Qa4+ c6 6. Qxc4 b5 7. Qb3 Bb7 8. O-O Nbd7 9. a4 a6 10. axb5 axb5 11. Rxa8 Bxa8 12. Nc3 Be7 13. d4 O-O 14.
Re1 Qa5 15. Bd2 Qa7 16. e4 b4 17. Nb1 c5 18. e5 Nd5 19. dxc5 Nxc5 20. Qc4 Qa4 21.
h4 Bb7 22. Bg5 Ba6 23. Qg4 Bxg5 24. Nxg5 b3 25. Qd1 Nd3 26. Nc3 Nxc3 27. bxc3 Nxe1 28. Qxe1 b2 29. Kh2 h6 30. Ne4 Qa1 0-1

[Event "*** Titled Tuesday Blitz"]
[Site "Chess.com"]
[Date "2019.04.02"]
[Round "2"]
[White "Mikhail_Golubev"]
[Black "matiss90"]
[Result "0-1"]
[WhiteElo "2443"]
[BlackElo "2465"]
[TimeControl "180+2"]
[EndTime "14:21:33 PDT"]
[Termination "matiss90 won by checkmate"]

1. e4 c5 2. Nf3 d6 3. d4 cxd4 4.
Nxd4 Nf6 5. Nc3 g6 6. Be3 Bg7 7. f3 O-O 8. Qd2 Nc6 9. Bc4 Bd7 10. h4 h5 11. Bb3 Na5 12. O-O-O Rc8 13. g4 Nxb3+ 14.
axb3 Qa5 15. Kb1 hxg4 16. h5 Nxh5 17. fxg4 Bxg4 18. Rdg1 f5 19. exf5 Bxf5 20. Rg5 Qe5 21. Nxf5 Rxf5 22. Rxg6 Kf7 23. Rg2 Ng3 24. Rhg1 Nh5 25.
Qd3 Ke6 26. Ne4 Qxb2# 0-1

[Event "*** Titled Tuesday Blitz"]
[Site "Chess.com"]
[Date "2019.04.02"]
[Round "2"]
[White "AttilaTurzo"]
[Black "bascheyaro"]
[Result "0-1"]
[WhiteElo "2546"]
[BlackElo "2727"]
[TimeControl "180+2"]
[EndTime "14:21:38 PDT"]
[Termination "bascheyaro won by resignation"]

1. d4 Nf6 2. c4 e6 3. g3 d5 4. Bg2 Bd6 5. Nf3 O-O 6. Nc3 b6 7. O-O Bb7 8. cxd5 Nxd5 9. Nb5 Be7 10. e4 Nf6 11. e5 Nd5 12. h4 h6 13. Nh2 a6 14. Nc3 Nxc3 15. bxc3 Bxg2 16. Kxg2 c5 17. Ng4 cxd4 18. cxd4 Qd5+ 19. Kg1 Nc6 20. Nxh6+ gxh6 21. Bxh6 Qxd4 22. Bxf8 Qxd1 23. Rfxd1 Kxf8 24. f4 Bc5+ 25. Kg2 Ke7 26. h5 Nb4 27. g4 Nc2 28. Kf3 Nxa1 29.
Rxa1 Rd8 30. h6 Rd3+ 31. Kg2 Rd2+ 32. Kg3 Kf8 33. g5 Kg8 34. Rf1 Rxa2 35. f5 exf5 36. Rxf5 Re2 37. Kg4 Bd4 38. h7+ Kxh7 39. Rxf7+ Kg8 40.
Ra7 Rxe5 41. Rxa6 Be3 42. g6 Kg7 43. Kf3 Bc5 44. Kf4 Rh5 45. Kg4 Kxg6 46. Ra8 Rd5 47. Rc8 Rd4+ 48. Kf3 Kf5 49. Rf8+ Bxf8 0-1

[Event "*** Titled Tuesday Blitz"]
[Site "Chess.com"]
[Date "2019.04.02"]
[Round "2"]
[White "zurzan"]
[Black "vgyogi"]
[Result "1-0"]
[WhiteElo "2056"]
[BlackElo "2128"]
[TimeControl "180+2"]
[EndTime "14:21:40 PDT"]
[Termination "zurzan won by resignation"]

1. e4 c5 2. Nf3 g6 3. d3 Nc6 4.
c3 Bg7 5. g3 e6 6. Bg2 Nge7 7.
O-O d6 8. Qe2 O-O 9. Na3 b6 10.
Nc2 Bb7 11. Bg5 Qd7 12. Rad1 h6 13. Bc1 Rad8 14. d4 cxd4 15. cxd4 Qc7 16. d5 exd5 17. exd5 Nb8 18. Nb4 a5 19. Nc6 Nexc6 20. dxc6 Ba6 21. Qc2 Bxf1 22. Rxf1 Qxc6 23. Qb3 a4 24. Qe3 Rfe8 25.
Qf4 Qd7 26. b3 axb3 27. axb3 Nc6 28. Ba3 Ne5 29. Nd4 Ra8 30. Bc1 Rac8 31. Be3 Nd3 32. Qf3 Ne5 33. Qe4 Nc4 34. Qd3 Nxe3 35. fxe3 Be5 36.
Bd5 Kg7 37. Rxf7+ Qxf7 38. Bxf7 Kxf7 39. Nb5 Rc1+ 40. Kg2 Rd8 41. Qd5+ Kg7 42. Qb7+ Kg8 43. Qxb6 Rc2+ 44. Kh3 Rf2 45. Qxd8+ 1-0

[Event "*** Titled Tuesday Blitz"]
[Site "Chess.com"]
[Date "2019.04.02"]
[Round "2"]
[White "martinjogstad99"]
[Black "Chessmatus"]
[Result "0-1"]
[WhiteElo "2223"]
[BlackElo "2351"]
[TimeControl "180+2"]
[EndTime "14:21:45 PDT"]
[Termination "Chessmatus won by checkmate"]

1. d4 Nf6 2. c4 g6 3. Nc3 d5 4. cxd5 Nxd5 5. e4 Nxc3 6. bxc3 Bg7 7. Qa4+ Nd7 8. Nf3 Kf8 9. Be2 Kg8 10. O-O h6 11. e5 Nb6 12. Qa3 Be6 13. Be3 Kh7 14.
Rac1 Nc4 15. Qb4 Qd5 16. Nd2 Nxd2 17. Bxd2 Qxa2 18. c4 c5 19. dxc5 Rhd8 20. Rfd1 Bxe5 21. Bf3 a5 22. Qxb7 Rab8 23. Qa7 Rxd2 24. Re1 Qb2 25.
c6 Bd4 26. Qxe7 Bxf2+ 27. Kh1 Bxe1 28. Rxe1 Qb1 29. Rg1 Qxg1+ 30. Kxg1 Rb1+ 31. Bd1 Rbxd1# 0-1

[Event "*** Titled Tuesday Blitz"]
[Site "Chess.com"]
[Date "2019.04.02"]
[Round "2"]
[White "NemtsevIgor"]
[Black "AsaHoffmann"]
[Result "1-0"]
[WhiteElo "2331"]
[BlackElo "2210"]
[TimeControl "180+2"]
[EndTime "14:21:45 PDT"]
[Termination "NemtsevIgor won by resignation"]

1. c3 Nf6 2. Qa4 Nc6 3. g4 d6 4. g5 Nd7 5. d3 g6 6. h4 Bg7 7. h5 e5 8. Bg2 Ne7 9. Nf3 c6 10. Nbd2 Nd5 11. Ne4 N7b6 12. Qc2 Bf5 13. Ng3 Bg4 14.
Rh4 Qd7 15. a4 a5 16. Ne4 O-O-O 17. Bd2 f5 18. gxf6 Nxf6 19. Neg5 h6 20. Rxg4 hxg5 21.
Rxg5 Nxh5 22. Rxg6 Nf4 23. Bxf4 exf4 24. Qb3 Kc7 25.
O-O-O Rde8 26. Re1 Re7 27. Ng5 Rhe8 28. Bh3 Qd8 29.
Ne6+ Rxe6 30. Rxe6 Rh8 31. Bg4 Qg5 32. f3 Nd5 33. Qc4 Ne3 34. Qe4 Qc5 35. Re7+ Kb8 36. Rxg7 Nd5 37. Qd4 1-0

[Event "*** Titled Tuesday Blitz"]
[Site "Chess.com"]
[Date "2019.04.02"]
[Round "2"]
[White "Eltarolo"]
[Black "A-Fier"]
[Result "1/2-1/2"]
[WhiteElo "2424"]
[BlackElo "2764"]
[TimeControl "180+2"]
[EndTime "14:21:46 PDT"]
[Termination "Game drawn by repetition"]

1. e4 Nf6 2. e5 Nd5 3. d4 d6 4. c4 Nb6 5. exd6 cxd6 6. Nc3 g6 7. Be3 Bg7 8. Rc1 O-O 9. b3 e5 10. dxe5 dxe5 11. Qxd8 Rxd8 12. Nb5 Nc6 13. Nxa7 Nd4 14.
Nxc8 Rdxc8 15. a4 Nxb3 16. Rb1 Rxa4 17. Bxb6 Nd4 18. Bxd4 exd4 19. Bd3 Re8+ 20. Ne2 Ra3 21. Rd1 h5 22. O-O Rxd3 23. Rxd3 Rxe2 24. Rc1 b6 25. g3 Bf8 26. Rxd4 Bc5 27. Rf4 f5 28. h4 Kg7 29.
Kg2 Kf6 30. Rf3 Rd2 31. Rcc3 Ra2 32. Rc1 Rb2 33. Rcc3 Ke5 34. Rf4 Rd2 35. Rc1 Kf6 36.
Kf1 Rb2 37. Re1 Rc2 38. Re2 Rc3 39. Kg2 Bd6 40. Rd4 Bc5 41. Rf4 Bd6 42. Rd4 Bc5 43. Rf4 Bd6 44. Rd4 Bc5 45. Rf4 1/2-1/2

[Event "*** Titled Tuesday Blitz"]
[Site "Chess.com"]
[Date "2019.04.02"]
[Round "2"]
[White "MathiasWomacka"]
[Black "Vusatiuk_Vladimir"]
[Result "1-0"]
[WhiteElo "2248"]
[BlackElo "2161"]
[TimeControl "180+2"]
[EndTime "14:21:53 PDT"]
[Termination "MathiasWomacka won by resignation"]

1. e4 c5 2. Nf3 Nc6 3. d4 cxd4 4. Nxd4 e5 5. Nb5 d6 6. N1c3 a6 7. Na3 b5 8. Nd5 Nf6 9. Bg5 Be7 10. Bxf6 Bxf6 11.
c3 Bg5 12. Nc2 O-O 13. a4 bxa4 14. Rxa4 a5 15. Bc4 Rb8 16. b3 Kh8 17. Ra2 f5 18. exf5 Bxf5 19. Nce3 Be6 20. O-O Qd7 21. Qd3 Qf7 22.
Qe4 Bxe3 23. Nxe3 Bxc4 24. bxc4 Qe8 25. Rd1 Rf4 26. Qd5 Rf6 27. h3 Ra8 28. c5 dxc5 29.
Qxc5 a4 30. Nd5 Rf7 31. Nb6 Rc8 32. Nxc8 Qxc8 33. Rxa4 Qe8 34. Ra6 Ne7 35. Rad6 Ng8 36. Rd8 Qe6 37. Rxg8+ Kxg8 38. Rd8+ 1-0

[Event "*** Titled Tuesday Blitz"]
[Site "Chess.com"]
[Date "2019.04.02"]
[Round "2"]
[White "nochewycandy"]
[Black "Vuk2000"]
[Result "0-1"]
[WhiteElo "2359"]
[BlackElo "2720"]
[TimeControl "180+2"]
[EndTime "14:21:56 PDT"]
[Termination "Vuk2000 won by resignation"]

1. c4 e5 2. g3 Nc6 3. Bg2 d6 4. Nc3 Be6 5. d3 Qd7 6. e4 g6 7. h3 Bg7 8. Nge2 Nge7 9. Nd5 O-O 10. Be3 Nd4 11. Nxd4 exd4 12. Bg5 f6 13. Bd2 f5 14.
Nf4 Bf7 15. exf5 Nxf5 16. O-O Rab8 17. a4 Rfe8 18. Qf3 c6 19. b4 Re7 20. b5 c5 21. a5 Ne3 22. fxe3 dxe3 23. Ra2 exd2 24. Rxd2 Rf8 25. h4 Re3 26. Qf2 Bd4 27. Kh1 Rxd3 28. Qe1 Re8 29. Nxd3 Rxe1 30. Rxe1 Bxc4 31. Nf4 Bc3 32.
Bd5+ Kh8 33. Bxc4 Bxd2 34. Rf1 Bxf4 35. Rxf4 d5 36. Bf1 c4 37. h5 gxh5 0-1

[Event "*** Titled Tuesday Blitz"]
[Site "Chess.com"]
[Date "2019.04.02"]
[Round "2"]
[White "ZeroRealtorFade"]
[Black "TheBigBadChessDad"]
[Result "0-1"]
[WhiteElo "2270"]
[BlackElo "2201"]
[TimeControl "180+2"]
[EndTime "14:21:56 PDT"]
[Termination "TheBigBadChessDad won on time"]

1. d4 Nf6 2. Bf4 c6 3. e3 Qb6 4. Qc1 d5 5. c3 Bf5 6. Nd2 e6 7. Ngf3 c5 8. Nh4 Bg6 9. Nxg6 hxg6 10. Be2 Nc6 11. O-O Rc8 12. Qb1 Qd8 13. Nf3 Bd6 14.
Bg3 Ne4 15. Bb5 Bxg3 16. hxg3 f5 17. dxc5 Qf6 18. Qd3 g5 19. Rfd1 g4 20. Ne1 Rh1+ 21. Kxh1 Nxf2+ 22. Kg1 Nxd3 23. Nxd3 a6 24. Ba4 Ke7 25.
Bxc6 bxc6 26. Rac1 a5 27. b4 Ra8 28. a3 e5 29. Kf2 e4 30. Nf4 g5 31. Ne2 axb4 32. axb4 Ra2 33. Ra1 Rxe2+ 34. Kxe2 Qxc3 35. Rab1 Ke6 36. Rdc1 Qe5 37. Kf2 f4 38. gxf4 gxf4 39. b5 fxe3+ 40.
Kxe3 d4+ 41. Kf2 Qf4+ 42. Kg1 Qe3+ 43. Kf1 g3 0-1

[Event "*** Titled Tuesday Blitz"]
[Site "Chess.com"]
[Date "2019.04.02"]
[Round "2"]
[White "Cayse"]
[Black "Hikaru"]
[Result "0-1"]
[WhiteElo "2605"]
[BlackElo "3186"]
[TimeControl "180+2"]
[EndTime "14:21:58 PDT"]
[Termination "Hikaru won on time"]

1. e4 g6 2. d4 Bg7 3. Nc3 a6 4. f4 c6 5. Nf3 d5 6. e5 Bg4 7. Be3 h5 8. h3 Bxf3 9. Qxf3 e6 10. Bd3 h4 11. O-O Ne7 12. Ne2 Nf5 13.
Bf2 Nd7 14. b3 Bf8 15. c4 Ba3 16. Kh1 Qe7 17. Rab1 Bb4 18. Ng1 a5 19. Bxf5 gxf5 20. Qe2 Nf8 21. c5 Ng6 22. Be3 a4 23. bxa4 Ba5 24. Rb3 O-O 25. Rfb1 Ra7 26. Nf3 Rfa8 27. Qb2 Bc7 28. Rxb7 Rxb7 29. Qxb7 Rb8 30. Qxb8+ Bxb8 31. Rxb8+ Kg7 32. a3 Qa7 33. Rb4 Qa6 34. Kg1 Qd3 35. Bd2 Qxa3 36. Rb7 Qxa4 37. Kh2 Qa2 38. Rc7 Qc2 39.
Rxc6 Qe4 40. Rc7 Nxf4 41. Rxf7+ Kg8 42. Ra7 Nxg2 43. Kxg2 Qe2+ 44. Kg1 Qxf3 45. Be1 Qxh3 46. c6 Qg4+ 47. Kf1 h3 48. Ra2 Qxd4 49. Re2 Qc4 50. Bg3 f4 51. c7 fxg3 0-1

[Event "*** Titled Tuesday Blitz"]
[Site "Chess.com"]
[Date "2019.04.02"]
[Round "2"]
[White "ENEASZ"]
[Black "Denis_Palkovich"]
[Result "1-0"]
[WhiteElo "2411"]
[BlackElo "2229"]
[TimeControl "180+2"]
[EndTime "14:21:58 PDT"]
[Termination "ENEASZ won by resignation"]

1. e4 c6 2. Nc3 d5 3. Nf3 dxe4 4.
Nxe4 Nf6 5. Nxf6+ exf6 6. g3 Bg4 7. Bg2 Qe7+ 8. Qe2 Qxe2+ 9. Kxe2 Nd7 10. h3 Bf5 11. d3 Bc5 12. Be3 O-O-O 13. a3 Rhe8 14. Kd2 Bxe3+ 15. fxe3 Ne5 16. Nxe5 fxe5 17. e4 Bg6 18. h4 h6 19. Ke3 f6 20. g4 Rh8 21.
Bf3 Kd7 22. Rag1 Ke7 23. Be2 Bf7 24. Rh3 Be6 25. Rhg3 c5 26. Kd2 b6 27. Kc3 a5 28.
a4 Bd7 29. b3 Be6 30. Bf3 Rd4 31. g5 hxg5 32. hxg5 f5 33. exf5 Bxf5 34. Re1 Kd6 35. Bb7 Rh2 36. Rge3 Rg4 37. Rxe5 Rxg5 38. Rd5+ Kc7 39.
Re7+ Kb8 40. Rd8+ Ka7 41. Be4+ 1-0

[Event "*** Titled Tuesday Blitz"]
[Site "Chess.com"]
[Date "2019.04.02"]
[Round "2"]
[White "Alex_Molchanov"]
[Black "FERNANDEZL1983"]
[Result "0-1"]
[WhiteElo "2494"]
[BlackElo "2430"]
[TimeControl "180+2"]
[EndTime "14:21:58 PDT"]
[Termination "FERNANDEZL1983 won by resignation"]

1. c4 Nf6 2. Nf3 g6 3. Nc3 Bg7 4. e4 d6 5. d4 O-O 6. h3 e5 7. d5 Nfd7 8. Be2 f5 9. Ng5 Nf6 10.
exf5 gxf5 11. Ne6 Bxe6 12. dxe6 c6 13. g4 f4 14. g5 Ne8 15. Ne4 d5 16. cxd5 cxd5 17.
Nc3 Nc7 18. Bg4 Nc6 19. Qb3 Nd4 20. Qd1 Ndxe6 21. Bxe6+ Nxe6 22. Qxd5 Qxd5 23. Nxd5 Nd4 24. O-O Rfd8 25. Nc3 Nf3+ 26. Kh1 Nxg5 27. h4 Nf3 28.
h5 Kf7 29. Kg2 Nd4 30. Ne4 Bf6 31. Bd2 Rg8+ 32. Kh3 Nf3 33. Rac1 Ng5+ 34. Nxg5+ Rxg5 35. Rc7+ Ke6 36. Rxh7 Rh8 37. Rxh8 Bxh8 38. Rc1 Kf5 39.
Rc8 Rxh5+ 40. Kg2 Bf6 41. Bc3 b5 42. Rc7 Rg5+ 43. Kf1 f3 44. Rxa7 Rh5 45. Ke1 Bg5 46. Rf7+ Ke4 47. Kd1 Rh1+ 48. Be1 Bh4 49. Kd2 Rf1 50.
Rb7 Bxf2 51. Bxf2 Rxf2+ 52. Kc3 Re2 53. Rf7 f2 54. a3 Ke3 55. b3 Re1 56. Rf5 e4 57. a4 bxa4 58. bxa4 f1=Q 59. Rxf1 Rxf1 60. a5 Ra1 61. Kb4 Kd4 0-1

[Event "*** Titled Tuesday Blitz"]
[Site "Chess.com"]
[Date "2019.04.02"]
[Round "2"]
[White "Anahita_Gholami"]
[Black "Gordima"]
[Result "0-1"]
[WhiteElo "2674"]
[BlackElo "2713"]
[TimeControl "180+2"]
[EndTime "14:22:03 PDT"]
[Termination "Gordima won by resignation"]

1. d4 Nf6 2. c4 g6 3. Nc3 d5 4.
cxd5 Nxd5 5. Bd2 Nb6 6. e4 Qxd4 7. Nf3 Qd8 8. Qc2 Bg4 9. Ne5 Be6 10. Rd1 N8d7 11. Bf4 c6 12. h4 Bg7 13. h5 Qc8 14.
Nf3 Bg4 15. hxg6 hxg6 16. Rxh8+ Bxh8 17. Qd2 Bxf3 18. gxf3 Ne5 19. Bg2 Qe6 20. Bg3 Nec4 21. Qh6 Qf6 22. f4 Nxb2 23. e5 Qg7 24. Qxg7 Bxg7 25.
Rb1 Nd3+ 26. Ke2 O-O-O 27. a4 Nc4 28. a5 Nxa5 29. Ra1 b6 30. Ne4 f6 31. Bh3+ Kb7 32.
exf6 Bxf6 33. f5 Bxa1 0-1

[Event "*** Titled Tuesday Blitz"]
[Site "Chess.com"]
[Date "2019.04.02"]
[Round "2"]
[White "cstevens1"]
[Black "KRASAVCHIK2002"]
[Result "0-1"]
[WhiteElo "2724"]
[BlackElo "2389"]
[TimeControl "180+2"]
[EndTime "14:22:03 PDT"]
[Termination "KRASAVCHIK2002 won by resignation"]

1. e4 c5 2. Nf3 d6 3. d4 cxd4 4. Nxd4 Nf6 5. f3 e5 6. Nb3 d5 7. Bg5 Be6 8. Bxf6 gxf6 9. exd5 Qxd5 10. Qxd5 Bxd5 11. Nc3 Bxb3 12. axb3 Nc6 13. O-O-O Rd8 14. Bd3 Bb4 15. Be4 Bxc3 16. bxc3 Ke7 17. Kb2 Rd6 18.
Rxd6 Kxd6 19. Rd1+ Kc7 20. Bf5 Nb8 21. g3 h5 22. h4 Rg8 23. g4 Rh8 24. Rh1 Nc6 25.
Be4 Ne7 26. c4 Ng6 27. gxh5 Rxh5 28. Rg1 f5 29. Bd5 Rxh4 30. Bxf7 Ne7 31. Rg7 Kd6 32. Be8 b6 33. Rf7 Ke6 34. Rf8 Rf4 35. Bh5 Rh4 36. Rh8 Kf6 37. Rh6+ Kg5 38. Re6 Rxh5 39.
Rxe7 Kf4 40. b4 Rh6 41. Kb3 Rh3 42. Rxa7 Rxf3+ 43. c3 e4 44. Rb7 e3 45. Rxb6 e2 0-1

[Event "*** Titled Tuesday Blitz"]
[Site "Chess.com"]
[Date "2019.04.02"]
[Round "2"]
[White "BlueWizzard"]
[Black "Vice64"]
[Result "0-1"]
[WhiteElo "2715"]
[BlackElo "2562"]
[TimeControl "180+2"]
[EndTime "14:22:04 PDT"]
[Termination "Vice64 won by resignation"]

1. d4 Nf6 2. Nf3 e6 3. Nc3 d5 4. Bg5 Bb4 5. a3 Bxc3+ 6. bxc3 Nbd7 7. e3 h6 8. Bh4 c5 9. c4 g5 10. Bg3 Ne4 11. Nd2 Nc3 12. Qc1 cxd4 13. exd4 f5 14. h4 f4 15. Bh2 Qf6 16. Nb3 O-O 17. hxg5 hxg5 18. Bd3 e5 19. Qd2 Ne4 20. Bxe4 dxe4 21. O-O-O Nb6 22. c5 Nc4 23. Qc3 Qa6 24. dxe5 Qxa3+ 25. Kb1 Be6 26. Rd4 b5 27. Qa1 Qb4 28. Qa6 Rfe8 29. c6 Qc3 30. Qa1 b4 31. Qxc3 bxc3 32. Nc5 Nd2+ 33. Ka1 Rab8 34. Rd1 Rb5 35. R1xd2 Rxc5 36. Rd8 cxd2 37. Rxe8+ Kf7 38. Rd8 Bd5 39. e6+ Kxe6 40. Rxd5 0-1

[Event "*** Titled Tuesday Blitz"]
[Site "Chess.com"]
[Date "2019.04.02"]
[Round "2"]
[White "Martins-BR"]
[Black "FrenchMonster2002"]
[Result "1-0"]
[WhiteElo "2279"]
[BlackElo "2358"]
[TimeControl "180+2"]
[EndTime "14:22:04 PDT"]
[Termination "Martins-BR won by resignation"]

1. e4 c5 2. Nf3 Nc6 3. Nc3 g6 4.
d4 cxd4 5. Nxd4 Bg7 6. Be3 Nf6 7. Nxc6 bxc6 8. e5 Ng8 9. Bd4 c5 10. Bxc5 Bxe5 11. Qd5 Bxc3+ 12. bxc3 Rb8 13. Qe5 Nf6 14.
Qxb8 O-O 15. Qxa7 d6 16. Be3 Bf5 17. Bd3 Bg4 18. h3 Bd7 19. O-O e5 20. Bg5 Bc6 21. f3 Kg7 22. Qe3 Re8 23. c4 Qa5 24. Be4 Bd7 25.
Rfd1 Nh5 26. Rxd6 Be6 27. Bh6+ Kg8 28. Bd5 Qc7 29. Qxe5 Bd7 30. Rxg6+ hxg6 31. Qxc7 Bf5 32. g4 Ng3 33. Qxf7+ 1-0

[Event "*** Titled Tuesday Blitz"]
[Site "Chess.com"]
[Date "2019.04.02"]
[Round "2"]
[White "Caisachess"]
[Black "SolidAsARook"]
[Result "0-1"]
[WhiteElo "2390"]
[BlackElo "2244"]
[TimeControl "180+2"]
[EndTime "14:22:07 PDT"]
[Termination "SolidAsARook won by resignation"]

1. e4 e5 2. Nf3 Nc6 3. Bc4 Bc5 4. d3 Nf6 5. c3 a6 6. O-O d6 7.
a4 Ba7 8. Na3 Bg4 9. Nc2 h6 10.
Be3 O-O 11. a5 d5 12. exd5 Nxd5 13. Bxa7 Rxa7 14. Ne3 Nxe3 15. fxe3 e4 16. dxe4 Qe7 17. Bd5 Ne5 18. Qd4 Bxf3 19. gxf3 Raa8 20. f4 Ng4 21. Qd2 c6 22. Bc4 Qc5 23. Qd4 Qh5 24. Qd2 Rad8 25. Qe2 Rd6 26. e5 Rg6 27. Kh1 Qh4 28. Bd3 f5 29. exf6 Rgxf6 30. Rae1 Rd8 31. Bc4+ Kh8 32. e4 Rfd6 33. Rg1 Rd2 34. Rxg4 Rxe2 35. Rxh4 Rxe1+ 36. Kg2 Rd2+ 37. Kf3 Rxb2 38. Rh5 Rc2 39. Re5 Rxc3+ 40. Kg4 Rxc4 41. Re8+ Kh7 42. e5 Ree4 43. Rf8 Rxe5 0-1

[Event "*** Titled Tuesday Blitz"]
[Site "Chess.com"]
[Date "2019.04.02"]
[Round "2"]
[White "samdanov"]
[Black "Roenko_Artur"]
[Result "0-1"]
[WhiteElo "2169"]
[BlackElo "2280"]
[TimeControl "180+2"]
[EndTime "14:22:08 PDT"]
[Termination "Roenko_Artur won by resignation"]

1. d4 d5 2. c4 e6 3. Nc3 c6 4. Nf3 dxc4 5. a4 Bb4 6. e3 b5 7. Bd2 a5 8. axb5 Bxc3 9. Bxc3 cxb5 10.
b3 Bb7 11. bxc4 b4 12. Bb2 Nf6 13. Bd3 Ne4 14. O-O O-O 15. Ne5 Nd7 16. Nxd7 Qxd7 17. f3 Nd6 18. c5 Nf5 19. Re1 Rfd8 20. Bc2 Bc6 21. Qd3 Bb5 22. Qe4 g6 23. Rad1 Ne7 24.
d5 Nxd5 25. Qd4 Nc3 26. Bxc3 bxc3 27. Qxc3 Qc6 28. Rxd8+ Rxd8 29. Qxa5 Rc8 30. Be4 Qxc5 31. Kf2 Qc4 32. h4 h5 33. Bd3 Qxd3 0-1

[Event "*** Titled Tuesday Blitz"]
[Site "Chess.com"]
[Date "2019.04.02"]
[Round "2"]
[White "rubhani"]
[Black "MaxLeto"]
[Result "0-1"]
[WhiteElo "2478"]
[BlackElo "2314"]
[TimeControl "180+2"]
[EndTime "14:22:12 PDT"]
[Termination "MaxLeto won by resignation"]

1. Nf3 d5 2. g3 Nf6 3. Bg2 c6 4. c4 Bf5 5. O-O e6 6. d3 Nbd7 7. Qb3 Qb6 8. Be3 Qxb3 9. axb3 a6 10. h3 Be7 11. Nh4 Bg6 12. Nxg6 hxg6 13. Nc3 Nc5 14. b4 Ncd7 15. b5 O-O 16. bxc6 bxc6 17. Bf4 Ra7 18. Ra2 Rfa8 19. Rfa1 a5 20. cxd5 cxd5 21.
Nb5 Rb7 22. Rxa5 Rxa5 23. Rxa5 Kh7 24. Nd6 Bxd6 25. Bxd6 Rxb2 26. Bf3 g5 27. g4 Kg6 28. Ra7 Rb6 29. Bg3 Nc5 30. h4 gxh4 31. Bxh4 Nb3 32.
e3 Nd2 33. Be2 Rb1+ 34. Kg2 Re1 35. Bxf6 gxf6 36. Bf3 Rb1 37. d4 Rb2 38. Be2 Ne4 39. Bd3 Rxf2+ 40. Kg1 Rf3 41. Bxe4+ dxe4 42. Ra3 Kg5 43.
Kg2 Kxg4 44. Rb3 f5 45. Ra3 f6 0-1

[Event "*** Titled Tuesday Blitz"]
[Site "Chess.com"]
[Date "2019.04.02"]
[Round "2"]
[White "SloLev"]
[Black "Mbneu"]
[Result "1-0"]
[WhiteElo "2489"]
[BlackElo "2298"]
[TimeControl "180+2"]
[EndTime "14:22:12 PDT"]
[Termination "SloLev won by resignation"]

1. e4 c5 2. c3 Nf6 3. e5 Nd5 4. d4 cxd4 5. Nf3 d6 6. cxd4 Nc6 7. Bc4 Nb6 8. Bb5 e6 9. O-O Be7 10. Bf4 O-O 11. Nc3 dxe5 12. dxe5 Nd5 13. Nxd5 exd5 14.
Rc1 Qb6 15. Qa4 Bd7 16. Be3 Qd8 17. Qd1 Bg4 18. Bxc6 bxc6 19. Rxc6 Rb8 20. b3 Qa5 21. Qe2 Bxf3 22. gxf3 Rfc8 23. Rfc1 Rxc6 24. Rxc6 h6 25. Bd4 Qb4 26. Bxa7 Ra8 27. Be3 d4 28. Bd2 Qb7 29.
Qc4 Rxa2 30. Rc8+ Kh7 31. Qd3+ g6 32. Rc4 Qd5 33. Rxd4 Qxe5 34. Qe3 Qf6 35. Rf4 Qg5+ 36. Rg4 Qxe3 37. Bxe3 Rb2 38. Re4 Bf6 39. Rf4 Bc3 40. Rxf7+ Kg8 41. Rb7 Be5 42. Bxh6 1-0

[Event "*** Titled Tuesday Blitz"]
[Site "Chess.com"]
[Date "2019.04.02"]
[Round "2"]
[White "Jospem"]
[Black "Gabix_94"]
[Result "1-0"]
[WhiteElo "2790"]
[BlackElo "2567"]
[TimeControl "180+2"]
[EndTime "14:22:13 PDT"]
[Termination "Jospem won by resignation"]

1. Nf3 Nf6 2. c4 g6 3. g3 Bg7 4.
Bg2 O-O 5. O-O d6 6. Nc3 e5 7. d4 Nbd7 8. e3 exd4 9. Nxd4 Re8 10. b3 c6 11. Bb2 Nc5 12. Qc2 Qc7 13. h3 Bd7 14.
Rad1 Rad8 15. b4 Ne6 16. Nf3 Bc8 17. Qb3 a5 18. a3 h5 19. Rd2 b6 20. Rfd1 Bb7 21. Qc2 axb4 22. axb4 Qe7 23. Na4 Qc7 24. Qb3 c5 25. Nc3 cxb4 26. Nb5 Qe7 27. Nxd6 Nc5 28.
Qxb4 Nfe4 29. Nxe4 Bxe4 30. Bxg7 Kxg7 31. Qxb6 Rxd2 32.
Rxd2 Ra8 33. Kh2 Bxf3 34. Bxf3 Rc8 35. Qd6 Qa7 36. Qd4+ Kh7 37. Rb2 Qe7 38. Rb5 Ne6 39. Qe4 Qf6 40. h4 Qc3 41. Rxh5+ Kg8 42. Qe5 Qxe5 43.
Rxe5 Rxc4 44. Kg2 Rc2 45. Ra5 Nc5 46. Ra8+ Kg7 47. Rc8 Rc3 48. g4 f5 49. g5 Kf7 50.
Rc7+ Ke6 51. Rc6+ Ke5 52. h5 gxh5 53. g6 1-0

[Event "*** Titled Tuesday Blitz"]
[Site "Chess.com"]
[Date "2019.04.02"]
[Round "2"]
[White "KenanGarayev"]
[Black "Koksik_13"]
[Result "1-0"]
[WhiteElo "2741"]
[BlackElo "2661"]
[TimeControl "180+2"]
[EndTime "14:22:15 PDT"]
[Termination "KenanGarayev won on time"]

1. d4 e6 2. c4 d5 3. Nc3 a6 4. cxd5 exd5 5. Nf3 c6 6. Qc2 Bd6 7.
Bg5 Nf6 8. Bxf6 Qxf6 9. Nxd5 Qd8 10. Nc3 O-O 11. g3 Nd7 12. Bg2 Nf6 13. O-O Bg4 14.
Ne5 Bh5 15. Rad1 Re8 16. f4 Qc7 17. Ne4 Nd5 18. Ng5 Nf6 19. Bf3 Bg6 20. f5 Bxe5 21. fxg6 hxg6 22. dxe5 Qxe5 23. Qd2 Qc5+ 24. Kh1 Re5 25.
b4 Qb5 26. Nh3 Rae8 27. Qd4 g5 28. Nf2 a5 29. bxa5 Qxa5 30. Ng4 Nxg4 31. Qxg4 Qxa2 32.
Rd7 b5 33. Bxc6 Rxe2 34. Bd5 Rxh2+ 35. Kg1 Ree2 36. Rd8+ Kh7 37. Qf5+ 1-0